 Dungeon Crawl Stone Soup version 0.26-a0-1132-ge9770dfcb6 (console) character file.

Game seed: 12501613617121314019

25048 jejorda2 the Impaler (level 13, -4/101 HPs)
             Began as a Merfolk Berserker on Dec 20, 2020.
             Was an Elder of Trog.
             Slain by an ice devil (9 damage)
             ... in an ice cave.
             The game lasted 00:38:30 (13603 turns).

jejorda2 the Impaler (Merfolk Berserker)           Turns: 13603, Time: 00:38:31

Health: -4/101     AC: 18    Str: 21    XL:     13   Next: 17%
Magic:  13/13      EV: 10    Int:  7    God:    Trog [****..]
Gold:   496        SH:  0    Dex: 14    Spells: 12/12 levels left

rFire    . . .     SeeInvis .   a - +3 glaive (flame)
rCold    + . .     Faith    .   (shield currently unavailable)
rNeg     . . .     Spirit   .   G - +0 plate armour
rPois    .         Reflect  .   d - +1 helmet
rElec    .         Harm     .   y - +0 cloak
rCorr    .         Rampage  .   (no gloves)
Will     +....                  E - +0 pair of boots
Stlth    ..........             A - amulet of the acrobat
HPRegen  0.26/turn              g - ring of protection from cold
MPRegen  0.13/turn              m - ring of willpower

@: berserk cooldown, slowed, very slow
A: change form in water, swift swim, stealthy swim
a: Renounce Religion, Berserk, Trog's Hand, Brothers in Arms


You were in an ice cave.
You worshipped Trog.
Trog was greatly pleased with you.
You visited 2 branches of the dungeon, and saw 15 of its levels.
You also visited: Sewer and Ice Cave.

You collected 782 gold pieces.
You spent 286 gold pieces at shops.

Inventory:

Hand Weapons
 a - a +3 glaive of flaming (weapon)
 b - a +4 antimagic bardiche
Missiles
 i - 14 javelins (quivered)
 n - 8 boomerangs
 L - 9 curare-tipped darts
Armour
 d - a +1 helmet (worn)
 y - a +0 cloak (worn)
 E - a +0 pair of boots (worn)
 G - a +0 plate armour (worn)
Jewellery
 e - an uncursed ring of flight
 g - a ring of protection from cold (left hand)
 m - a ring of willpower (right hand)
 u - an uncursed ring of protection from fire
 A - an amulet of the acrobat (around neck)
 F - an uncursed ring of poison resistance
Wands
 q - a wand of acid (7)
 w - a wand of polymorph (4)
 I - a wand of paralysis (8)
Scrolls
 c - 7 scrolls of teleportation
 o - 7 scrolls of fog
 r - 4 scrolls of blinking
 B - 2 scrolls of enchant weapon
 H - 3 scrolls of remove curse
 J - a scroll of enchant armour
 K - a scroll of fear
Potions
 f - 8 potions of curing
 h - 3 potions of flight
 j - 4 potions of lignification
 k - 5 potions of heal wounds
 l - 2 potions of invisibility
 p - a potion of resistance
 s - 3 potions of ambrosia
 t - 4 potions of might
 x - 3 potions of magic
 z - 2 potions of haste
 C - a potion of berserk rage {unknown}
 D - a potion of mutation {unknown}


   Skills:
 + Level 9.1 Fighting
 + Level 20.3 Polearms
 + Level 8.2 Throwing
 + Level 7.0 Armour
 - Level 7.0 Dodging
 - Level 3.0 Evocations


You had 12 spell levels left.
You didn't know any spells.
Your spell library was empty.

Dungeon Overview and Level Annotations

Branches:
Dungeon (12/15)            Temple (0/1) D:7            Lair (3/6) D:11
 Spider (0/4) Lair:3          Orc (0/2) D:10          Sewer (visited)
  IceCv (1/1)
  Swamp: Lair:2-4    Shoals: Lair:2-4

Altars:
Ashenzari
Fedhas
Gozag
Kikubaaqudgha
Makhleb
Nemelex Xobeh
Qazlal
Trog
Uskayaw
Vehumet
Xom
Yredelemnul

Shops:
D:6 (!?}=

Annotations:
D:5 1 runed translucent door, sahdkjhfkaj's ghost, novice OpTm
D:6 exclusion: oklob plant IceCv exclusion: ice statue


Message History

Your skin stops crawling.
You feel less strong-willed.
The ice devil hits you but does no damage.
You barely miss the ice devil.
The ice devil is heavily wounded.
The ice devil hits you but does no damage.
You closely miss the ice devil.
The ice devil is heavily wounded.
The ice devil hits you!
* * * LOW HITPOINT WARNING * * *
The ice devil freezes you! You resist.
* * * LOW HITPOINT WARNING * * *
You hit the ice devil but do no damage.
The ice devil is heavily wounded.
The ice devil closely misses you.
You slash the ice devil! You burn the ice devil.
The ice devil is severely wounded.
The ice devil hits you.
* * * LOW HITPOINT WARNING * * *
The ice devil freezes you! You resist.
You die...

#...## #...##
##...## ##...#
##..# ##..##
#..## ####..##
###@#....#8#
#.4........#
#............#
..((............#
....#..........##
.#.###.≈........#
## ##........##
#####...## ####


You could see an ice devil.

Vanquished Creatures
  Gastronok (Lair:1)
  A boulder beetle (D:12)
  A hydra (D:11)
  2 two-headed ogres
  2 wizards (D:12)
  An oklob plant (D:11)
  A cyclops (D:12)
  An ugly thing (D:12)
  A manticore (D:12)
  An ice statue (IceCv)
  2 cane toads
  A gargoyle (D:12)
  4 komodo dragons
  2 centaur skeletons
  2 ice devils (IceCv)
  Grinder (D:3)
  6 slime creatures
  2 hornets
  Sigmund (D:6)
  29 yaks
  A hog (D:11)
  Menkaure (D:5)
  A soldier ant (Lair:2)
  An acid dragon (D:11)
  Duvessa (D:6)
  An eye of draining (D:8)
  2 water moccasins
  2 black bears
  5 orc warriors
  3 phantoms
  9 ogres
  4 wolves (Lair:2)
  6 centaurs
  A big kobold (D:6)
  10 bullfrogs
  A wyvern zombie (D:9)
  Blork the orc (D:6)
  A wyvern skeleton (D:11)
  A water moccasin zombie (D:10)
  3 scorpions
  Dowan (D:6)
  10 killer bees (D:8)
  20 wights
  An electric eel (D:6)
  A crimson imp (D:4)
  A bullfrog zombie (D:12)
  6 hounds
  2 jellies (D:10)
  7 orc priests
  6 orc wizards
  Crazy Yiuf (D:5)
  2 bullfrog skeletons
  2 iguanas
  Natasha (twice) (D:3)
  13 worker ants
  A hound skeleton (D:5)
  8 gnolls
  2 worker ant zombies
  A howler monkey skeleton (D:10)
  17 adders
  3 river rats (Sewer)
  3 shadow imps
  9 white imps
  5 ufetubi
  An ooze (Sewer)
  A worm (D:3)
  5 leopard geckos
  23 orcs
  11 giant cockroaches
  9 goblins
  6 hobgoblins
  12 jackals
  12 kobolds
  4 quokkas
  12 ball pythons
  8 bats
  10 frilled lizards
  A giant cockroach zombie (D:6)
  A leopard gecko skeleton (D:4)
  A quokka skeleton (D:9)
  29 rats
387 creatures vanquished.

Vanquished Creatures (collateral kills)
  5 wizards (D:12)
  A white imp (IceCv)
  An ufetubus (IceCv)
7 creatures vanquished.

Vanquished Creatures (others)
  A wizard (D:12)
  A white imp (IceCv)
  2 ufetubi (IceCv)
  4 fungi
  13 plants
  15 toadstools (D:6)
36 creatures vanquished.

Grand Total: 430 creatures vanquished

Notes
Turn   | Place    | Note
-------+----------+-------------------------------------------
     0 | D:1      | jejorda2 the Merfolk Berserker began the quest for the Orb.
     0 | D:1      | Reached XP level 1. HP: 18/18 MP: 1/1
   108 | D:1      | Reached XP level 2. HP: 24/24 MP: 2/2
   507 | D:1      | Reached skill level 5 in Polearms
   507 | D:1      | Reached XP level 3. HP: 8/29 MP: 3/3
  1234 | D:2      | Reached ** piety under Trog
  1235 | D:2      | Reached XP level 4. HP: 37/37 MP: 4/4
  1236 | D:2      | Found a basalt altar of Yredelemnul.
  1487 | D:3      | Reached skill level 6 in Polearms
  1623 | D:3      | Reached XP level 5. HP: 42/42 MP: 5/5
  1749 | D:3      | Noticed Natasha
  1795 | D:3      | Killed Natasha
  2037 | D:3      | Noticed Natasha
  2047 | D:3      | Killed Natasha
  2235 | D:3      | Noticed Grinder
  2251 | D:3      | Killed Grinder
  2252 | D:3      | Reached skill level 7 in Polearms
  2252 | D:3      | Reached XP level 6. HP: 46/50 MP: 6/6
  2480 | D:4      | Reached skill level 8 in Polearms
  2480 | D:4      | Reached XP level 7. HP: 55/55 MP: 7/7
  2514 | D:4      | Found a glowing drain.
  2548 | Sewer    | Entered a sewer
  2571 | Sewer    | Reached skill level 5 in Fighting
  2667 | Sewer    | Reached *** piety under Trog
  3004 | Sewer    | Reached skill level 9 in Polearms
  3129 | D:4      | Found a stormy altar of Qazlal.
  3209 | D:4      | Found a burning altar of Makhleb.
  3209 | D:4      | Found a radiant altar of Vehumet.
  3340 | D:4      | Found a bloodstained altar of Trog.
  3589 | D:4      | Reached XP level 8. HP: 58/64 MP: 8/8
  3678 | D:5      | Entered Level 5 of the Dungeon
  3771 | D:5      | Reached **** piety under Trog
  3772 | D:5      | Reached skill level 10 in Polearms
  3841 | D:5      | Found a runed translucent door.
  3849 | D:5      | Noticed sahdkjhfkaj's ghost (novice OpTm)
  4002 | D:5      | Found a runed translucent door.
  4003 | D:5      | Noticed Crazy Yiuf
  4017 | D:5      | Killed Crazy Yiuf
  4243 | D:5      | Noticed Menkaure
  4252 | D:5      | Killed Menkaure
  4680 | D:6      | Noticed Blork the orc
  4701 | D:6      | Killed Blork the orc
  4702 | D:6      | Reached skill level 11 in Polearms
  4781 | D:6      | Reached XP level 9. HP: 47/72 MP: 9/9
  4803 | D:6      | Reached skill level 12 in Polearms
  4964 | D:6      | Found a blossoming altar of Fedhas.
  4977 | D:6      | Noticed an oklob plant
  5035 | D:6      | Noticed Dowan
  5036 | D:6      | Noticed Duvessa
  5044 | D:6      | Killed Dowan
  5066 | D:6      | Killed Duvessa
  5256 | D:6      | Found Ricwammi's Jewellery Boutique.
  5262 | D:6      | Bought an uncursed ring of poison resistance for 260 gold
                  | pieces
  5262 | D:6      | Bought a cursed amulet of inaccuracy for 26 gold pieces
  5286 | D:6      | Reached skill level 13 in Polearms
  5387 | D:6      | Noticed Sigmund
  5399 | D:6      | Killed Sigmund
  5599 | D:6      | Found Caef's Magic Scroll Shop.
  5599 | D:6      | Found Cadi Iha's Distillery.
  5603 | D:6      | Found Revuth's Antique Weapon Shop.
  5603 | D:6      | Found Idogyo's Gadget Shop.
  5852 | D:7      | Reached skill level 14 in Polearms
  6038 | D:7      | Found a basalt altar of Yredelemnul.
  6211 | D:7      | Found a blossoming altar of Fedhas.
  6437 | D:7      | Found a staircase to the Ecumenical Temple.
  6706 | D:7      | Reached skill level 15 in Polearms
  6784 | D:8      | Reached XP level 10. HP: 53/79 MP: 10/10
  7049 | D:8      | Reached skill level 16 in Polearms
  7062 | D:8      | Reached ***** piety under Trog
  8051 | D:9      | Reached skill level 5 in Dodging
  8051 | D:9      | Reached skill level 1 in Evocations
  8390 | D:9      | Reached skill level 5 in Armour
  8663 | D:9      | Found a broken altar of Ashenzari.
  8664 | D:9      | Found a hide-covered altar of Uskayaw.
  8664 | D:9      | Found a shimmering altar of Xom.
  8664 | D:9      | Found a sparkling altar of Nemelex Xobeh.
  8665 | D:9      | Found an opulent altar of Gozag.
  8666 | D:9      | Found an ancient bone altar of Kikubaaqudgha.
  8942 | D:10     | Entered Level 10 of the Dungeon
  9271 | D:10     | Found a staircase to the Orcish Mines.
  9596 | D:11     | Reached XP level 11. HP: 86/86 MP: 11/11
  9598 | D:11     | Found a sparkling altar of Nemelex Xobeh.
  9610 | D:11     | Noticed Sonja
  9613 | D:11     | Noticed Sonja
  9613 | D:11     | Sonja changed into Sonja the hog
  9621 | D:11     | Killed Sonja the hog
  9854 | D:11     | Noticed a two-headed ogre
  9861 | D:11     | Killed a two-headed ogre
  9862 | D:11     | Reached skill level 1 in Throwing
  9949 | D:11     | Noticed a four-headed hydra
  9962 | D:11     | Killed a four-headed hydra
 10281 | D:11     | Found a staircase to the Lair.
 10281 | D:11     | Noticed an oklob plant
 10301 | D:11     | Killed an oklob plant
 10631 | D:11     | Received a gift from Trog
 10799 | D:12     | Noticed a boulder beetle
 10828 | D:12     | Killed a boulder beetle
 10887 | D:12     | Reached skill level 17 in Polearms
 10937 | D:11     | Reached XP level 12. HP: 10/95 MP: 12/12
 11408 | D:12     | Reached skill level 5 in Throwing
 11690 | D:12     | Reached skill level 18 in Polearms
 11877 | D:12     | Noticed a two-headed ogre
 11886 | D:12     | Killed a two-headed ogre
 12100 | D:12     | Received a gift from Trog
 12319 | D:12     | Reached skill level 19 in Polearms
 12511 | Lair:1   | Entered Level 1 of the Lair of Beasts
 13168 | Lair:1   | Noticed Gastronok
 13180 | Lair:1   | Killed Gastronok
 13181 | Lair:1   | Reached skill level 20 in Polearms
 13181 | Lair:1   | Reached XP level 13. HP: 101/101 MP: 4/13
 13323 | Lair:1   | You fall into a shaft and drop 1 floor!
 13393 | Lair:2   | Found a frozen archway.
 13393 | Lair:2   | You fall into a shaft and drop 1 floor!
 13477 | IceCv    | Entered an ice cave
 13603 | IceCv    | HP: 5/101 [ice devil (5)]
 13603 | IceCv    | Slain by an ice devil

Illustrated notes

Levels and vault maps discovered:
D:1:      nzn_arrival_water_spiral, layout_rooms, minmay_tetromino_s4
D:2:      layout_rooms, overflow_temple_1_default
D:3:      layout_basic, serial_rivers, chequers_serial_rivers_room_b,
          chequers_serial_rivers_room_a, chequers_serial_rivers_room_a,
          chequers_serial_rivers_small_3, chequers_serial_rivers_small_a,
          minmay_quadrilaterals, uniq_grinder, uniq_natasha
D:4:      layout_loops_cross, grunt_temple_overflow_lords_of_destruction,
          nicolae_qazlal_general_emergency, old_standard_altar,
          portal_sewer_entry_a
D:5:      layout_cave_pods, ebering_ghost_reflecting_pool,
          uniq_crazy_yiuf_cottage, uniq_menkaure
D:6:      cheibrodos_helix_gallery, layout_basic, tgw_fedhas, serial_shops,
          shop, minmay_shop_grid_forest, uniq_sigmund, uniq_blork_the_orc,
          uniq_duvessa
D:7:      layout_loops_cross, minmay_temple_entry_glassed_door,
          hangedman_feature_mirror
D:8:      layout_cave_pools, minmay_misc_feat_ornament
D:9:      layout_rooms, grunt_temple_overflow_open
D:10:     layout_loops_ring, orc_0_dummy, nicolae_twisting_strands
D:11:     layout_rooms, dpeg_oklobed_lair, nicolae_two_hexagons,
          nemelex_xobeh_ov_fountains_minmay, uniq_sonja
D:12:     minmay_wizard_corner, layout_basic
Lair:1:   layout_loops_ring, grunt_megastairs_4, uniq_gastronok
Lair:2:   layout_cave_pods, portal_ice_cave_entry_pillars_1, grunt_megastairs_5
Lair:3:   layout_misc_corridors, spider_nest_entry_rubble, minivault_29,
          uniq_snorg
IceCv:    ice_cave_small_demon

Skill      XL: |  1  2  3  4  5  6  7  8  9 10 11 12 13 |
---------------+----------------------------------------+-----
Dodging        | 3 4 6 7 |  7.0
Polearms       | 5 6 7 8 9 11 15 16 17 20 | 20.3
Armour         | 2 3 4 5 6 7 |  7.0
Fighting       | 4 5 7 8 9 |  9.1
Evocations     | 3 |  3.0
Throwing       | 4 7 8 |  8.2

Action                   |  1- 3 |  4- 6 |  7- 9 | 10-12 | 13-15 || total
-------------------------+-------+-------+-------+-------+-------++-------
Melee: Spear             |    83 |       |       |       |       ||    83
       Halberd           |    37 |   135 |   450 |   385 |       ||  1007
       Tailslap          |     1 |     4 |    13 |       |       ||    18
       Glaive            |       |       |       |   226 |   106 ||   332
       Trident           |       |       |       |     7 |       ||     7
       Bardiche          |       |       |       |    28 |       ||    28
Throw: Javelin           |     5 |     4 |     5 |     6 |     2 ||    22
Invok: Berserk           |       |     2 |     5 |     8 |     1 ||    16
       Trog's Hand       |       |     1 |     3 |     2 |     4 ||    10
       Brothers in Arms  |       |       |       |     1 |     1 ||     2
Evoke: Wand              |       |       |       |     3 |       ||     3
  Use: Scroll            |       |     6 |    10 |     8 |     3 ||    27
 Stab: Sleeping          |     2 |       |       |       |       ||     2
       Distracted        |       |       |       |     1 |       ||     1
Armor: Animal skin       |    24 |       |       |       |       ||    24
       Ring mail         |     2 |       |       |       |       ||     2
       Scale mail        |       |    50 |   131 |       |       ||   181
       Plate armour      |       |       |    27 |   209 |    67 ||   303
Dodge: Dodged            |    83 |   101 |   265 |   183 |    88 ||   720

Table legend: (Time is in decaauts)
 A = Elapsed time spent in this place.
 B = Non-inter-level travel time spent in this place.
 C = Inter-level travel time spent in this place.
 D = Time resting spent in this place.
 E = Time spent auto-exploring this place.
 F = Levels seen in this place.
 G = Mean time per level.
                   A        B        C        D        E       F      G
               +--------+--------+--------+--------+--------+-----+--------+
         Total |  13469 |  12865 |    604 |    758 |   9502 |  17 |  792.3 |
       Dungeon |  11847 |  11305 |    542 |    594 |   8517 |  12 |  987.2 |
          Lair |    956 |    895 |     61 |     40 |    716 |   3 |  318.7 |
         Sewer |    551 |    551 |      0 |     87 |    262 |   1 |  551.0 |
      Ice Cave |    114 |    114 |      0 |     35 |      6 |   1 |  114.0 |
               +--------+--------+--------+--------+--------+-----+--------+

Top non-repeatable levels by time:
    D:11: 1511 daAuts
    D:12: 1429 daAuts
     D:6: 1321 daAuts
     D:8: 1237 daAuts
     D:3: 1021 daAuts
     D:9: 970 daAuts
     D:1: 951 daAuts
     D:5: 905 daAuts
  Lair:1: 815 daAuts
     D:7: 779 daAuts
     D:4: 706 daAuts
    D:10: 576 daAuts
   Sewer: 551 daAuts
     D:2: 434 daAuts
  Lair:2: 121 daAuts
